 Dungeon Crawl Stone Soup version 0.15.0-31-geb66e34 (webtiles) character file.

625 Psiweapon the Cruncher (level 7, -8/40 HPs)
             Began as a Gargoyle Gladiator on Sept 12, 2014.
             Mangled by Duvessa
             ... wielding a +0 cutlass
              (10 damage)
             ... on Level 5 of the Dungeon.
             The game lasted 00:12:16 (4203 turns).

Psiweapon the Cruncher (Gargoyle Gladiator)         Turns: 4203, Time: 00:12:16

HP  -8/40        AC 12     Str 18      XL: 7   Next: 47%
MP   7/7         EV 10     Int 10      God:
Gold 207         SH  0     Dex 11      Spells:  0 memorised,  6 levels left

rFire  + . .     SeeInvis .     a - +0 quarterstaff
rCold  . . .     Clarity  .     D - +0 ring mail {rF+}
rNeg   + . .     rCorr    .     (no shield)
rPois  +         rRot     +     s - +0 helmet
rElec  +         Spirit   .     (no cloak)
SustAb .         Warding  .     i - +0 pair of gloves
rMut   .         Stasis   .     t - +0 pair of boots
Gourm  .                        (no amulet)
MR     .....                    (no ring)
                                (no ring)

@: very slightly contaminated, invisible, not resistant to hostile enchantments,
very unstealthy
A: negative energy resistance 1, electricity resistance, unbreathing,
petrification resistance, rot immunity, AC +4
a: no special abilities


You were on level 5 of the Dungeon.
You were hungry.

You visited 1 branch of the dungeon, and saw 5 of its levels.

You collected 207 gold pieces.

Inventory:

Hand weapons
 a - a +0 quarterstaff (weapon)
 j - a cursed -1 hunting sling
 u - a +0 blowgun
 C - a +0 scythe
Missiles
 d - a throwing net (quivered)
 e - 49 stones
 h - 46 poisoned needles
Armour
 b - a +0 leather armour
 c - a +0 helmet
 i - a +0 pair of gloves (worn)
 k - a +0 helmet
 m - a +0 chain mail
 s - a +0 helmet (worn)
 t - a +0 pair of boots (worn)
 A - a +0 pair of boots
 D - a +0 ring mail of fire resistance (worn)
Magical devices
 E - a wand of frost (9) {unknown}
Comestibles
 f - 2 bread rations
 n - 3 meat rations
 r - 2 slices of pizza
 x - 3 rotting chunks of ogre flesh
Scrolls
 g - 6 scrolls of identify {unknown}
 l - 4 scrolls of immolation {unknown}
 o - 2 scrolls of teleportation {unknown}
 p - 3 scrolls of recharging {unknown}
 q - a scroll of fear {unknown}
 y - a scroll of fog {unknown}
 F - a scroll of amnesia {unknown}
Potions
 v - a potion of curing
 w - a potion of agility {unknown}
 z - a potion of cure mutation {unknown}
 B - a potion of invisibility
 G - a potion of might {unknown}


   Skills:
 - Level 2.1 Fighting
 + Level 8.4 Staves
 - Level 2.0 Throwing
 - Level 2.4 Dodging


You had 6 spell levels left.
You didn't know any spells.

Dungeon Overview and Level Annotations

Branches:
Dungeon (5/15)
 Temple: D:4-7

Altars:
Qazlal
Xom

Annotations:
D:5 Duvessa


Innate Abilities, Weirdness & Mutations

You are resistant to torment.
You are immune to poison.
Your stone body is very resilient (AC +4).
You resist negative energy.
You are resistant to electric shocks.
You can survive without breathing.
You are immune to petrification.
You are immune to rotting.


Message History

Duvessa is moderately wounded.
Duvessa closely misses you.
You barely miss Duvessa.
Duvessa is moderately wounded.
Duvessa hits you with a cutlass!
* * * LOW HITPOINT WARNING * * *
Drink which item? (? for menu, Esc to quit)
You fade into invisibility!
It was a potion of invisibility.
Duvessa closely misses you.
You are very lightly contaminated with residual magic.
Drink which item? (? for menu, Esc to quit)
Okay, then.
Duvessa misses you. Duvessa barely misses you.
Press: ? - help, v - describe, . - travel
Here: Duvessa, wielding a cutlass and wearing a ring mail (heavily wounded, berserk, fast, unusually strong, poisoned)
The floor.
Duvessa closely misses you. Duvessa hits you with a cutlass!
You die...

#.##.###.....## #.##.
#....# #....## #.#..
#.#....###.....####....
#.#....#...#.#..##...##
##..........#.##.#....##
#..........##.##.....##.
#......(...##......#....
###......####..##..#....
#....@.# #..#........
#....e.# #......#[...
##....## #......####.
#..#.#####....#.####.
#..#.................
#..#...........###(..
#..####.....##.......
#####........#####...
#...)##..#..# ##..


You could see Duvessa (berserk).

Vanquished Creatures
  An ogre (D:5)
  Sigmund (D:4)
  A scorpion (D:4)
  A hippogriff zombie (D:5)
  Dowan (D:5)
  2 crimson imps
  5 orc wizards
  4 adders
  A giant mite (D:3)
  2 oozes (D:3)
  9 orcs
  6 bats
  2 bat skeletons
  2 giant cockroaches (D:1)
  8 hobgoblins
  14 kobolds
  A quokka (D:2)
  2 giant newts
  7 goblins
  An orc zombie (D:5)
  25 rats
  A rat skeleton (D:5)
97 creatures vanquished.

Notes
Turn   | Place    | Note
--------------------------------------------------------------
     0 | D:1      | Psiweapon, the Gargoyle Gladiator, began the quest for the Orb.
     0 | D:1      | Reached XP level 1. HP: 12/12 MP: 1/1
   559 | D:1      | Reached XP level 2. HP: 17/17 MP: 2/2
  1270 | D:2      | Found a stormy altar of Qazlal.
  1354 | D:2      | Reached skill level 4 in Staves
  1354 | D:2      | Reached XP level 3. HP: 19/21 MP: 3/3
  2297 | D:3      | Reached XP level 4. HP: 26/26 MP: 4/4
  2400 | D:3      | Reached skill level 5 in Staves
  2627 | D:3      | Found a shimmering altar of Xom.
  2802 | D:3      | Reached XP level 5. HP: 28/30 MP: 5/5
  2891 | D:4      | Reached skill level 6 in Staves
  2905 | D:4      | Noticed a scorpion
  2929 | D:4      | Killed a scorpion
  2929 | D:4      | Reached XP level 6. HP: 19/35 MP: 6/6
  3304 | D:4      | Noticed Sigmund
  3326 | D:4      | Killed Sigmund
  3326 | D:4      | Reached skill level 7 in Staves
  3670 | D:5      | Entered Level 5 of the Dungeon
  3789 | D:5      | Reached XP level 7. HP: 32/40 MP: 7/7
  3799 | D:5      | Reached skill level 8 in Staves
  4170 | D:5      | Noticed Dowan
  4179 | D:5      | Killed Dowan
  4181 | D:5      | Noticed Duvessa
  4195 | D:5      | HP: 1/40 [Duvessa/cutlass (10)]
  4203 | D:5      | Mangled by Duvessa

Action                   |  1- 3 |  4- 6 |  7- 9 || total
-------------------------+-------+-------+-------++-------
Melee: Quarterstaff      |   152 |   203 |    44 ||   399
       Blowgun           |       |     1 |       ||     1
 Fire: Blowgun           |       |     8 |     9 ||    17
Throw: Throwing net      |       |     4 |       ||     4
       Stone             |       |     1 |       ||     1
  Use: Potion            |       |     1 |     1 ||     2
  Eat: Chunk             |     3 |     6 |     1 ||    10
